 Dungeon Sprint DCSS version 0.29.1-15-g9cfb28693d (webtiles) character file.

Game seed: 3261294345684063212

60 Groucho the Digger (level 3, -2/19 HPs)
             Began as a Deep Elf Earth Elementalist on Apr 5, 2023.
             Slain by a water elemental (20 damage)
             ... in the Dungeon (Sprint III: "The Ten Rune Challenge").
             The game lasted 00:01:57 (893 turns).

Groucho the Digger (Deep Elf Earth Elementalist)     Turns: 893, Time: 00:01:58

Health: -2/19      AC:  2    Str:  7    XL:     3   Next: 80%
Magic:  9/11       EV: 14    Int: 19    God:
Gold:   14         SH:  0    Dex: 15    Spells: 8/12 levels left

rFire   + . .      SeeInvis .   (no weapon)
rCold   . . .      Faith    .   (no shield)
rNeg    . . .      Spirit   .   a - +0 robe
rPois   .          Reflect  .   (no helmet)
rElec   .          Harm     .   (no cloak)
rCorr   .          Rampage  .   (no gloves)
Will    .....      NoTele   +   (no boots)
Stlth   +++.......              (no amulet)
HPRegen 0.06/turn               i - ring of protection from fire
MPRegen 0.12/turn               (no ring)

@: no status effects
A: talons 1, wild magic 1
a: no special abilities


You were in the Dungeon.
You visited 1 branch You collected 14 gold pieces.

Inventory:

Armour
 a - a +0 robe (worn)
Jewellery
 i - a ring of protection from fire (left hand)
Scrolls
 g - a scroll of blinking
 j - 4 scrolls of torment {unknown}
 k - 3 scrolls of identify
Potions
 b - 3 potions of magic
 c - a potion of curing
 d - a potion of heal wounds
 e - a potion of haste
 f - a potion of berserk rage
 h - a potion of attraction {unknown}
 l - 3 potions of flight
 m - 2 potions of mutation


   Skills:
 + Level 4.6 Dodging
 + Level 4.9 Stealth
 + Level 5.2 Spellcasting
 + Level 0.0 Conjurations
 - Level 1.1 Transmutations
 * Level 6.1 Earth Magic


You had 8 spell levels left.
You knew the following spells:

 Your Spells              Type           Power      Damage    Failure   Level
a - Sandblast             Erth           72%        2d16      2%          1
b - Stone Arrow           Conj/Erth      42%        3d9       16%         3

Your spell library contained the following spells:

 Spells                   Type           Power      Damage    Failure   Level
 Passwall                 Tmut/Erth      20%        N/A       7%          2
 Petrify                  Tmut/Erth      24%        N/A       34%         4


Dungeon Overview and Level Annotations

Branches:
Dungeon (1/1)

Altars:


Innate Abilities, Weirdness & Mutations

You have sharp toenails.
Your spells are a little harder to cast, but a little more powerful.


Message History

k - 3 scrolls of identify (gained 1);
m - 5 potions of mutation (gained 1)
l - 3 potions of flight (gained 2)
You now have 14 gold pieces (gained 11).
Really quaff the potion of mutation?
You feel extremely strange.
You feel less encumbered by your armour.
You feel less energetic.
You feel frail.
Your thoughts seem clearer.
Really quaff the potion of mutation?
You feel extremely strange.
Your thinking seems confused.
You feel more energetic.
You feel more encumbered by your armour.
A pair of antennae grows on your head!
You occasionally lose the ability to read scrolls when taking damage.
Unknown command.
Really quaff the potion of mutation?
You feel extremely strange. The antennae on your head shrink away.
You feel robust.
You no longer become unable to read scrolls after taking damage.
Your toenails lengthen and sharpen.
You feel less in control of your magic.
There is an open door here.
You start resting.
Magic restored.
You open the door.
A water elemental comes into view.
Casting: Sandblast (safe; 2% risk of failure)
Confirm with . or Enter, or press ? or * to list all spells.
Aiming: Sandblast (safe; 2% risk of failure)
Press: ? - help, Shift-Dir - straight line, f - water elemental
Aim: a water elemental (dormant, 100% to hit)
The blast of sand hits the water elemental!
The water elemental is heavily damaged.
Casting: Sandblast (safe; 2% risk of failure)
Confirm with . or Enter, or press ? or * to list all spells.
Aiming: Sandblast (safe; 2% risk of failure)
Press: ? - help, Shift-Dir - straight line, f/p - water elemental
Aim: a water elemental (heavily damaged, 90% to hit)
The blast of sand hits the water elemental!
The water elemental is almost destroyed.
The water elemental hits you!!
Ouch! That really hurt!
You die...

▓▓▓▓▓▓▓▓ ▓▓▓ <..#...####
##.# ...#......#####..#
..##.......#..#..#
##.##.##...#..#..###+#+#
##.##.###..##'#..#......
#.####.##..###..@E.⌠....
.###†.##..####...#...###
#.....##..###....# ⌠.#
###..##)..##.....# .#
##..##....#......# #
#..###..##.#.....# #..#
#..#####....# ▓▓▓▓ ▓▓▓▓
▓▓▓▓▓▓


You could see a water elemental.

Vanquished Creatures
  Jessica (D)
  A human (D)
  A wolf (D)
  3 rats (D)
6 creatures vanquished.

Notes
Turn   | Place    | Note
-------+----------+-------------------------------------------
     0 | D        | Groucho the Deep Elf Earth Elementalist began the quest for
                  | the Orb.
     0 | D        | Reached XP level 1. HP: 10/10 MP: 6/6
   325 | D        | Noticed Jessica
   326 | D        | Killed Jessica
   327 | D        | Reached skill level 5 in Earth Magic
   327 | D        | Reached XP level 2. HP: 15/15 MP: 5/9
   605 | D        | Reached XP level 3. HP: 19/19 MP: 9/11
   613 | D        | Reached skill level 5 in Spellcasting
   613 | D        | Reached skill level 6 in Earth Magic
   861 | D        | Learned a level 3 spell: Stone Arrow
   877 | D        | Gained mutation: Your movements are slightly less
                  | encumbered by armour. (ER -2) [potion of mutation]
   877 | D        | Gained mutation: Your magical capacity is low. (-10% MP)
                  | [potion of mutation]
   877 | D        | Gained mutation: You are frail. (-10% HP) [potion of
                  | mutation]
   877 | D        | Gained mutation: You possess an exceptional clarity of
                  | mind. [potion of mutation]
   878 | D        | Lost mutation: You possess an exceptional clarity of mind.
                  | [potion of mutation]
   878 | D        | Lost mutation: Your magical capacity is low. (-10% MP)
                  | [potion of mutation]
   878 | D        | Lost mutation: Your movements are slightly less encumbered
                  | by armour. (ER -2) [potion of mutation]
   878 | D        | Gained mutation: You have a pair of small antennae on your
                  | head. [potion of mutation]
   878 | D        | Gained mutation: You occasionally lose the ability to read
                  | scrolls when taking damage. [potion of mutation]
   879 | D        | Lost mutation: You have a pair of small antennae on your
                  | head. [potion of mutation]
   879 | D        | Lost mutation: You are frail. (-10% HP) [potion of
                  | mutation]
   879 | D        | Lost mutation: You occasionally lose the ability to read
                  | scrolls when taking damage. [potion of mutation]
   879 | D        | Gained mutation: You have sharp toenails. [potion of
                  | mutation]
   879 | D        | Gained mutation: Your spells are a little harder to cast,
                  | but a little more powerful. [potion of mutation]
   891 | D        | Noticed a water elemental
   893 | D        | Slain by a water elemental

Illustrated notes

Levels and vault maps discovered:
D:        dungeon_sprint_mu [sprint_mu_entry_cave, sprint_mu_temple_rooms,
          sprint_mu_d1_horrors, sprint_mu_d2_genie, sprint_mu_d3_branching,
          sprint_mu_orc_legion, sprint_mu_elf_gauntlet, sprint_mu_hive_nellie,
          sprint_mu_lair_fedhas, sprint_mu_vaults_butterflies,
          sprint_mu_slime_circle, sprint_mu_shoals_kraken,
          sprint_mu_snake_twists, sprint_mu_blade_basic, sprint_mu_crypt_lich,
          sprint_mu_tomb_spiral, sprint_mu_vestibule_basic,
          sprint_mu_gehenna_hellfire, sprint_mu_dis_giant,
          sprint_mu_tartarus_statrot, sprint_mu_cocytus_islands, sprint_mu_zot1]

Skill      XL: |  1  2  3 |
---------------+----------+-----
Dodging        | 3 4 |  4.6
Stealth        | 4 |  4.9
Spellcasting   | 4 5 |  5.2
Earth Magic    | 5 6 |  6.1
Transmutations | |  1.1

Action                   || total
-------------------------++-------
 Cast: Sandblast         ||    14
  Use: Potion            ||     3
Armor: Robe              ||     1
Dodge: Dodged            ||     5
